Map: Persephone LE

Players

Fjant

  • Race: Zerg Zerg
  • League: Grandmaster
  • Spawn Location: 11:00

VITRyung (Ryung) - Winner!

  • Race: Terran Terran
  • League: Master
  • Spawn Location: 7:00

Event: HomeStory Cup XXVII

VOD

Have the link to the VOD?

Description

Time

  • Played on: June 27, 2025, 6:37 a.m.
  • Length: 15:10

All games in this series

Show
View Real Time Build Order
Export as new Build Order

Fjant Zerg 

Build Orders: Hatch First 

Get SALT Encoding   

  12  0:00  Drone  
  13  0:10  Drone  
  14  0:14  Drone, Extractor  
  15  0:23  Overlord  
  15  0:41  Drone x2  
  17  0:48  Drone  
  18  0:57  Drone  
  18  0:58  Hatchery  
  18  1:03  Extractor  
  17  1:12  Spawning Pool  
  17  1:15  Drone  
  17  1:18  Drone  
  18  1:26  Drone  
  19  1:37  Drone  
  20  1:46  Hatchery  
  19  1:58  Queen  
  19  1:59  Zergling x2  
  22  2:10  Zergling x2, Queen  
  25  2:16  Metabolic Boost  
  25  2:31  Drone  
  25  2:33  Zergling x4  
  25  2:36  Overlord  
  28  2:50  Overlord  
  28  2:54  Zergling x4  
  28  2:56  Zergling x2  
  30  3:09  Drone x5  
  35  3:14  Zergling x2  
  35  3:15  Drone x2  
  38  3:25  Drone x2  
  40  3:29  Overlord  
  40  3:33  Spore Crawler  
  39  3:39  Drone x2, Queen  
  44  3:50  Zergling x6  
  47  3:55  Queen  
  47  4:01  Hatchery  
  48  4:03  Drone  
  48  4:07  Drone  
  50  4:11  Drone x3  
  53  4:17  Drone  
  53  4:18  Drone x2  
  53  4:23  Zergling x4  
  53  4:24  Overlord  
  58  4:25  Overlord  
  58  4:35  Overlord  
  58  4:37  Overlord  
  58  4:41  Queen  
  60  4:47  Drone x3, Zergling x4  
  62  5:00  Queen  
  62  5:01  Drone x2  
  62  5:06  Drone x4  
  70  5:07  Drone  
  70  5:11  Drone  
  72  5:15  Queen  
  72  5:17  Queen  
  72  5:20  Zergling x6  
  76  5:24  Drone  
  76  5:25  Drone  
  77  5:29  Drone  
  78  5:37  Lair  
  78  5:38  Spore Crawler  
  78  5:41  Drone  
  79  5:43  Drone x3  
  79  5:45  Baneling Nest  
  79  5:46  Zergling x4, Hatchery  
  79  5:48  Overlord  
  82  5:52  Queen  
  82  5:54  Drone  
  82  5:55  Drone  
  82  5:56  Drone  
  87  5:58  Extractor  
  87  6:00  Overlord, Extractor  
  87  6:01  Drone x2  
  87  6:07  Drone  
  87  6:08  Zergling x8  
  91  6:13  Drone, Evolution Chamber  
  91  6:14  Evolution Chamber  
  90  6:19  Drone x2  
  90  6:25  Drone x4  
  96  6:29  Zergling x2  
  97  6:35  Extractor  
  97  6:37  Centrifugal Hooks  
  97  6:38  Drone x2  
  97  6:39  Zerg Ground Armor Level 1  
  98  6:40  Zerg Melee Weapons Level 1  
  98  6:42  Overlord  
  98  6:43  Overlord  
  98  6:45  Overlord  
  98  6:50  Overlord  
  98  6:57  Hatchery, Overlord  
  98  6:59  Drone x2  
  98  7:01  Drone x2  
  100  7:02  Zergling x10  
  100  7:04  Drone  
  100  7:06  Drone  
  100  7:07  Burrow  
  107  7:10  Zergling x12  
  107  7:13  Baneling x5  
  107  7:14  Baneling  
  113  7:15  Baneling  
  113  7:21  Drone  
  113  7:22  Zergling x8  
  118  7:25  Zergling x2  
  119  7:31  Zergling x14  
  119  7:35  Zergling x2  
  119  7:36  Zergling x6, Evolution Chamber  
  129  7:40  Zergling x2  
  129  7:41  Zergling x6  
  133  7:48  Zergling x2  
  133  7:50  Baneling x8  
  133  7:51  Zergling x6, Baneling x9  
  137  7:59  Zergling x8  
  134  8:07  Overlord, Spawning Pool  
  132  8:20  Overlord  
  132  8:21  Baneling x4  
  132  8:25  Hydralisk Den  
  131  8:40  Overlord  
  114  8:50  Zerg Melee Weapons Level 2  
  114  8:52  Zerg Ground Armor Level 2  
  114  8:53  Zergling x2  
  114  8:54  Zergling x28  
  114  8:55  Zergling x10  
  131  8:58  Zergling x16  
  131  9:01  Baneling x6  
  131  9:02  Zergling x2  
  130  9:10  Zergling x8  
  130  9:15  Baneling x6  
  130  9:16  Zergling x2  
  127  9:19  Zergling x2  
  127  9:22  Zergling x6, Baneling x3  
  127  9:23  Zergling x4  
  130  9:30  Zergling x14  
  122  9:34  Zergling x2  
  122  9:37  Zergling x6  
  107  9:42  Baneling x8  
  107  9:43  Zergling x8  
  107  9:44  Queen x2  
  114  9:47  Zergling x4  
  114  9:48  Hatchery  
  114  9:50  Zergling x2  
  114  9:51  Baneling x4  
  114  9:52  Zergling x6  
  117  9:54  Zergling x2  
  117  9:55  Zergling x6  
  117  9:57  Zergling x4  
  123  10:00  Zergling x4  
  123  10:06  Drone x2  
  127  10:09  Drone  
  127  10:13  Baneling x5  
  127  10:19  Zergling x12  
  127  10:20  Zergling x4  
  120  10:22  Drone x4  
  122  10:29  Drone x2, Baneling x7  
  122  10:31  Zergling x10  
  122  10:32  Baneling x10  
  122  10:33  Zergling x4  
  130  10:41  Baneling x5  
  130  10:44  Zergling x2  
  130  10:45  Zergling x14  
  130  10:48  Zergling x2  
  130  10:49  Zergling x4  
  141  10:52  Extractor  
  141  10:53  Zergling x4, Infestation Pit  
  141  10:55  Zergling x4  
  143  10:58  Extractor  
  143  10:59  Drone  
  143  11:02  Drone  
  144  11:07  Grooved Spines  
  144  11:10  Zergling x14  
  151  11:14  Baneling  
  151  11:15  Baneling x2  
  151  11:17  Drone x2  
  153  11:19  Zergling x22  
  160  11:34  Hydralisk x5  
  160  11:37  Baneling x2  
  160  11:38  Drone, Overlord  
  171  11:46  Baneling x2  
  171  11:47  Baneling x4  
  170  11:48  Overlord  
  170  11:53  Overlord  
  159  11:56  Overlord x2  
  159  11:58  Muscular Augments  
  159  11:59  Hive  
  159  12:01  Drone, Extractor x2  
  155  12:02  Drone x5  
  155  12:04  Drone x3  
  155  12:05  Overlord  
  155  12:08  Zergling x10  
  167  12:11  Baneling x6  
  168  12:16  Drone  
  168  12:17  Drone  
  168  12:21  Drone x2  
  172  12:24  Drone x2  
  172  12:25  Drone  
  172  12:29  Hydralisk x2  
  179  12:30  Hatchery  
  179  12:35  Zergling x12  
  181  12:38  Zergling x2  
  181  12:39  Zergling x8  
  181  12:40  Zergling x2  
  181  12:41  Zergling x2  
  181  12:42  Baneling x3  
  186  12:48  Hydralisk x3  
  166  13:02  Zergling x2  
  166  13:03  Zergling x30  
  154  13:07  Zergling x4  
  154  13:11  Lurker Den  
  153  13:20  Zergling x8, Hatchery  
  146  13:36  Zergling x2, Baneling x4  
  146  13:37  Zergling x10  
  146  13:39  Zergling x12  
  145  13:44  Zergling x10  
  128  13:49  Zergling x4  
  128  13:50  Zergling x2  
  123  13:56  Hydralisk x3  
  123  13:59  Baneling x6  
  109  14:02  Zergling x2  
  109  14:03  Zergling x4  
  109  14:08  Zergling x2, Baneling  
  109  14:09  Zergling x8  
  105  14:12  Lurker x2  
  105  14:13  Zergling x2  
  106  14:22  Zergling x6  
  99  14:32  Zergling x6  
  99  14:35  Lurker  
  99  14:37  Zergling x10  
  106  14:44  Hydralisk x4  
  105  14:51  Zergling x6  
Show
View Real Time Build Order
Export as new Build Order

VITRyung Terran - Winner!

Build Orders: Reaper Expand 

Get SALT Encoding   

  12  0:00  SCV  
  13  0:12  SCV  
  14  0:17  Supply Depot  
  14  0:24  SCV  
  15  0:38  SCV  
  15  0:39  Barracks  
  16  0:43  Refinery  
  16  0:50  SCV  
  17  1:02  SCV  
  18  1:14  SCV  
  19  1:26  Reaper  
  19  1:27  Orbital Command  
  20  1:39  Command Center  
  20  1:46  Bunker  
  20  1:52  SCV  
  21  1:58  Marine  
  21  1:59  Supply Depot  
  22  2:04  SCV  
  23  2:12  Factory  
  23  2:20  Marine  
  23  2:21  SCV  
  25  2:29  Refinery  
  25  2:33  SCV  
  26  2:38  Marine  
  26  2:43  Bunker, Supply Depot  
  27  2:45  SCV  
  28  2:57  SCV  
  28  2:58  Barracks Reactor  
  29  3:05  Factory Tech Lab  
  29  3:09  SCV  
  29  3:11  Orbital Command  
  30  3:20  Starport  
  30  3:22  SCV  
  30  3:24  Siege Tank  
  34  3:34  SCV  
  34  3:35  Marine x2  
  34  3:37  SCV  
  38  3:44  Supply Depot  
  38  3:47  SCV  
  39  3:49  SCV  
  39  3:53  Marine x2  
  42  4:01  Command Center  
  42  4:05  Raven  
  42  4:06  SCV  
  42  4:08  Factory Tech Lab  
  42  4:09  SCV  
  46  4:18  Barracks  
  46  4:22  Marine x2  
  48  4:26  Siege Tank  
  48  4:29  SCV x2  
  53  4:35  Supply Depot  
  53  4:48  SCV  
  53  4:50  Marine  
  53  4:51  Marine  
  56  4:54  Starport Reactor  
  56  4:59  Barracks  
  55  5:07  SCV  
  55  5:08  Marine  
  55  5:09  Marine  
  58  5:15  Marine  
  58  5:17  Stimpack  
  58  5:19  SCV  
  57  5:26  Marine  
  57  5:27  Marine  
  57  5:28  Orbital Command  
  53  5:31  Orbital Command, SCV  
  53  5:33  Marine, Siege Tank  
  58  5:44  Marine  
  59  5:52  Engineering Bay  
  59  5:53  SCV x2  
  59  5:56  Marine x4  
  65  5:59  SCV  
  65  6:01  Starport Reactor  
  65  6:02  Marine  
  67  6:05  SCV x2  
  69  6:13  Engineering Bay  
  69  6:16  SCV  
  69  6:17  SCV  
  69  6:18  Marine x2, SCV  
  72  6:23  Marine x2  
  76  6:27  Refinery  
  76  6:28  Refinery, Supply Depot, Terran Infantry Weapons Level 1  
  76  6:30  Supply Depot, Orbital Command, SCV x2  
  78  6:39  Medivac x2  
  82  6:43  SCV x2  
  84  6:47  Barracks  
  84  6:48  Barracks  
  84  6:49  Supply Depot  
  84  6:55  SCV x2  
  84  6:57  Terran Infantry Armor Level 1  
  84  6:58  Combat Shield  
  84  7:01  SCV  
  87  7:07  SCV x2  
  89  7:10  Supply Depot  
  89  7:11  Barracks x2  
  89  7:12  Barracks, Medivac x2  
  89  7:13  SCV  
  94  7:19  SCV  
  94  7:20  Marine x2  
  94  7:21  Marine x3  
  94  7:22  Siege Tank  
  103  7:24  SCV  
  103  7:25  SCV  
  105  7:32  Supply Depot x2  
  105  7:34  Supply Depot  
  105  7:37  Barracks Reactor x2  
  105  7:44  Marine x5  
  106  7:50  Supply Depot  
  106  7:51  Medivac  
  112  7:52  Supply Depot  
  112  8:01  Marine  
  112  8:02  Marine x3  
  112  8:03  Marine x4  
  115  8:08  Siege Tank  
  116  8:14  Marine  
  116  8:16  Supply Depot  
  116  8:19  Marine x3  
  118  8:20  Marine x4  
  118  8:21  Marine x4  
  128  8:29  Armory  
  128  8:31  Marine  
  128  8:32  Supply Depot x2  
  129  8:37  Marine x3  
  129  8:38  Marine x6  
  129  8:39  Marine x2  
  122  8:49  Marine  
  122  8:55  Marine x3  
  126  8:56  Marine x7  
  126  8:57  Marine  
  126  9:00  Siege Tank  
  137  9:07  Marine  
  129  9:13  Marine x3  
  129  9:14  Marine x7  
  129  9:15  Marine  
  131  9:25  Marine  
  131  9:30  Marine  
  131  9:31  Marine x2  
  124  9:32  Marine x7  
  124  9:33  Marine  
  112  9:42  Terran Infantry Weapons Level 2, Siege Tank, Medivac x2  
  112  9:43  Marine  
  115  9:47  Terran Infantry Armor Level 2  
  115  9:48  Marine x3  
  115  9:49  Marine x3  
  115  9:50  Marine  
  122  9:52  Marine  
  122  9:53  Marine x2  
  125  10:06  Command Center  
  125  10:12  Medivac  
  127  10:15  Marine x2  
  127  10:16  Marine x5  
  127  10:21  Siege Tank, Medivac  
  128  10:34  Marine x2  
  130  10:38  Terran Vehicle Weapons Level 1  
  130  10:40  Factory  
  130  10:41  Marine x6  
  136  10:47  SCV x3  
  136  10:48  Sensor Tower  
  139  10:54  Medivac x2  
  143  10:57  Marine x4  
  143  11:00  Siege Tank  
  150  11:05  Marine x2  
  152  11:11  Marine x3  
  152  11:12  Marine x3  
  152  11:15  Marine x4  
  162  11:32  Marine x4  
  155  11:33  Marine x4  
  155  11:34  Siege Tank  
  155  11:35  Factory Tech Lab  
  155  11:37  SCV x3  
  168  11:42  Marine x4  
  168  11:46  Medivac x2  
  175  11:58  Siege Tank  
  178  12:03  SCV x3  
  178  12:06  Siege Tank  
  178  12:08  Planetary Fortress  
  184  12:13  Sensor Tower  
  184  12:15  Marine x2  
  184  12:16  Marine x2  
  184  12:20  Barracks Tech Lab x3  
  184  12:22  Terran Infantry Weapons Level 3  
  188  12:25  Refinery  
  188  12:26  Refinery  
  188  12:29  Refinery, Command Center  
  188  12:35  Marine x6  
  188  12:36  Marine  
  173  12:41  Siege Tank x2  
  179  12:49  SCV x3  
  182  12:56  Marine x3  
  182  12:57  Marine x3  
  181  13:00  Marine x2  
  181  13:01  Marine x4, SCV  
  164  13:14  Marine x5  
  164  13:16  Marine  
  164  13:18  Marine x3  
  164  13:19  Marauder x3  
  169  13:32  Marine x5  
  174  13:34  Marine  
  174  13:36  Marine x3  
  174  13:40  Marine x3  
  147  13:50  Marine x5  
  147  13:52  Marine  
  147  13:54  Marine x3  
  155  13:58  Marine x3  
  158  14:08  Orbital Command, Marine x5  
  163  14:10  Marine  
  163  14:12  Marine x3  
  163  14:15  Marine x3  
  170  14:25  Marine x3  
  170  14:26  Marine x2  
  170  14:27  Marine  
  170  14:29  Marine x2  
  170  14:30  Marine  
  177  14:33  Marine x3  
  180  14:43  Marine x5  
  179  14:45  Marine  
  179  14:47  Marine x2  
  179  14:48  Marine  
  179  14:51  Marine  
Tags
 
Add a new tag
Caveats
  • Supply blocks, unpowered buildings, or Contaminate may cause inaccurate times.
  • Supply counts are checked every 10 seconds.